 Dungeon Crawl Stone Soup version 0.29-a0-271-gd4eb659eea (webtiles) character file.

Game seed: 2267801963532816242

1674 spaghetti the Slicer (level 8, -1/56 HPs)
             Began as a Demonspawn Gladiator on Mar 8, 2022.
             Was an Elder of Kikubaaqudgha.
             Slain by a wyvern zombie (2 damage)
             ... on level 8 of the Dungeon.
             The game lasted 00:10:05 (8800 turns).

spaghetti the Slicer (Demonspawn Gladiator)         Turns: 8800, Time: 00:10:05

Health: -1/56      AC: 13    Str: 16    XL:     8   Next: 70%
Magic:  20/20      EV:  5    Int: 11    God:    Kikubaaqudgha [****..]
Gold:   325        SH:  0    Dex: 14    Spells: 6/11 levels left

rFire   . . .      SeeInvis .   y - +3 short sword {short}
rCold   . . .      Faith    .   (no shield)
rNeg    . . .      Spirit   .   w - +0 plate armour
rPois   .          Reflect  .   p - +2 hat
rElec   .          Harm     .   (no cloak)
rCorr   .          Rampage  .   h - +0 pair of gloves
Will    .....                   (no boots)
Stlth   ..........              (no amulet)
HPRegen 0.18/turn               n - ring of magical power
MPRegen 0.17/turn               (no ring)

@: lethally poisoned (-1 -> -11)
A: demonic guardian 1, powered by pain 1, demonic touch 1
a: Renounce Religion, Receive Corpses


You were on level 8 of the Dungeon.
You worshipped Kikubaaqudgha.
Kikubaaqudgha was greatly pleased with you.
You visited 2 branches of the dungeon, and saw 9 of its levels.

You collected 325 gold pieces.


Innate Abilities, Weirdness & Mutations

A weak demonic guardian rushes to your aid.
You sometimes gain a little power by taking damage.
Your touch may inflict minor irresistible damage on your foes.


   Skills:
 - Level 2.0 Fighting
 + Level 8.9 Short Blades
 - Level 2.6 Staves
 - Level 1.7 Throwing
 - Level 2.6 Dodging
 - Level 2.1 Spellcasting
 - Level 4.6 Necromancy


You had 6 spell levels left.
You knew the following spells:

 Your Spells              Type           Power      Damage    Failure   Level
a - Animate Skeleton      Necr           22%        N/A       98%         1
b - Animate Dead          Necr           5%         N/A       100%        4

Your spell library contained the following spells:

 Spells                   Type           Power      Damage    Failure   Level
 Pain                     Necr           44%        1d6       98%         1
 Sublimation of Blood     Necr           11%        N/A       99%         2
 Confusing Touch          Hex            1%         N/A       100%        3
 Anguish                  Hex/Necr       3%         N/A       100%        4
 Agony                    Necr           11%        N/A       100%        5
 Borgnjor's Vile Clutch   Necr/Erth      3%         N/A       100%        5
 Excruciating Wounds      Necr           5%         N/A       100%        5
 Yara's Violent Unravell  Hex/Tmut       0%         3d3       100%        5
 Simulacrum               Ice/Necr       3%         N/A       100%        6
 Enfeeble                 Hex            0%         N/A       100%        7

Inventory:

Hand Weapons
 a - a +0 dagger of venom {short}
   (You took it off an orc on level 3 of the Dungeon)
 b - a +1 hunting sling of freezing {sling}
   (You took it off a goblin on level 2 of the Dungeon)
 l - a +0 quarterstaff of flaming {staff}
 x - a +2 dagger {short}
   (You took it off a wight on level 6 of the Dungeon)
 y - a +3 short sword (weapon) {short}
   (You took it off an orc on level 5 of the Dungeon)
Missiles
 e - a javelin {throwing}
 f - 179 stones (quivered) {throwing}
 k - 3 curare-tipped darts {=fthrowing}
 o - 4 boomerangs {throwing}
 u - 2 poisoned darts {throwing}
Armour
 c - a +1 helmet
 d - a +0 leather armour
 h - a +0 pair of gloves (worn)
   (You found it on level 1 of the Dungeon)
 p - a +2 hat (worn)
   (You found it on level 6 of the Dungeon)
 w - a +0 plate armour (worn)
   (You found it on level 5 of the Dungeon)
Jewellery
 n - a ring of magical power (left hand)
   (You found it on level 3 of the Dungeon)
 t - a ring of protection from cold
   (You found it on level 6 of the Dungeon)
 v - a ring of ice
   (You found it on level 5 of the Dungeon)
Scrolls
 m - 2 scrolls of teleportation {@r4}
 r - a scroll of enchant armour
 s - a scroll of amnesia
Potions
 i - 2 potions of attraction {!q}
 j - 2 potions of brilliance
Miscellaneous
 g - a piece from Xom's chessboard (15/15)
   (You found it on level 6 of the Dungeon)

Dungeon Overview and Level Annotations

Branches:
Dungeon (8/15)             Temple (1/1) D:4
   Lair: D:8-11

Altars:
Fedhas
Hepliaklqana
Kikubaaqudgha
Nemelex Xobeh
Sif Muna
Trog
Uskayaw
Xom
Yredelemnul
The Shining One

# .# #. .# .#.#
.. ..... .#
...#$# .## .
......##..##..#
#.5..y......
#...@.......
......yZ†......
......#.P......
...##.##..8.##.
.. . .....# .
.. ..P.... ..
##..... ...
..#.:


You could see 2 killer bees, a wyvern zombie and a friendly quasit (summoned).


Message History

The killer bee stings you but does no damage.
The killer bee barely misses you.
The killer bee stings you but does no damage.
The killer bee barely misses you.
The killer bee attacks as you move away!
The killer bee stings you but does no damage.
The killer bee barely misses you.
The killer bee stings you but does no damage.
The killer bee stings you.
The killer bee stings you but does no damage.
The killer bee barely misses you. 😮 HP[-4]
You take 4 damage, and now have 38/56 hp.
The killer bee attacks as you move away!
The killer bee barely misses you.
The killer bee attacks as you move away!
The killer bee completely misses you.
The killer bee stings you but does no damage. 😮 HP[+1]
The killer bee stings you but does no damage. x2
The killer bee barely misses you.
The killer bee stings you but does no damage.
The killer bee barely misses you. The killer bee stings you.
You are poisoned.
The killer bee poisons you!
There is a stone staircase leading down here. 😮 HP[-3]
You take 3 damage, and now have 36/56 hp.
Unknown command.
You feel sick.
The killer bee stings you but does no damage. x2
The killer bee stings you.
The killer bee stings you but does no damage.
The killer bee completely misses you.
The killer bee stings you but does no damage.
You climb downwards.
You feel sick.
There is a stone staircase leading up here. 😮 HP[-4]
You take 4 damage, and now have 32/56 hp.
Unknown command.
Unknown command.
You feel better. The killer bee barely misses you.
The killer bee stings you but does no damage.
The killer bee stings you.
The killer bee stings you but does no damage.
The killer bee barely misses you. The killer bee stings you!
* * * LOW HITPOINT WARNING * * *
😨 HP[-5]
You take 5 damage, and now have 27/56 hp.
Unknown command.
You hit the killer bee.
You kill the killer bee!
Kikubaaqudgha accepts your kill. The killer bee stings you.
* * * LOW HITPOINT WARNING * * *
You are poisoned.
The killer bee poisons you!
The killer bee stings you but does no damage. 😨 HP[-1]
You take 1 damage, and now have 26/56 hp.
Okay, then.
You feel better.
The killer bee stings you but does no damage. x2
The killer bee barely misses you.
The killer bee stings you but does no damage. 😮 HP[+10]
You regained 10 hp, and now have 36/56 hp.
You completely miss the killer bee. The killer bee stings you.
You are poisoned.
The killer bee poisons you!
The killer bee stings you but does no damage.
The wyvern zombie bites you!
* * * LOW HITPOINT WARNING * * *
The killer bee stings you!
* * * LOW HITPOINT WARNING * * *
The killer bee stings you but does no damage. 😨 HP[-21]
You take 21 damage, and now have 15/56 hp.
MASSIVE DAMAGE!! (PAUSE)
You barely miss the killer bee.
You feel sick.
The killer bee stings you but does no damage. x2
The wyvern zombie barely misses you. 😱 HP[-1]
You take 1 damage, and now have 14/56 hp.
You puncture the killer bee! Your touch misses the killer bee.
You feel sick.
The killer bee stings you but does no damage.
The killer bee barely misses you.
The wyvern zombie bites you but does no damage. 😱 HP[-1]
You take 1 damage, and now have 13/56 hp.
You hit the killer bee.
You feel sick. The killer bee stings you.
* * * LOW HITPOINT WARNING * * *
A demonic guardian appears!
The killer bee stings you.
* * * LOW HITPOINT WARNING * * *
You are more poisoned.
The killer bee poisons you!
The killer bee stings you but does no damage. x2
The wyvern zombie bites you.
You die...
Kikubaaqudgha rasps: "You have failed me!
Welcome... death!"

Skill      XL: |  1  2  3  4  5  6  7  8 |
---------------+-------------------------+-----
Spellcasting   | 1 2 |  2.1
Necromancy     | 2 4 |  4.6
Short Blades   | 2 4 7 8 |  8.9
Fighting       | |  2.0
Staves         | |  2.6
Throwing       | |  1.7
Dodging        | |  2.6

Action                   |  1- 3 |  4- 6 |  7- 9 || total
-------------------------+-------+-------+-------++-------
Melee: Quarterstaff      |   100 |    24 |       ||   124
       Dagger            |       |   174 |   156 ||   330
       Touch             |       |    28 |    44 ||    72
       Punch             |       |     3 |     5 ||     8
       Short sword       |       |       |    38 ||    38
 Fire: Hunting sling     |       |    48 |    12 ||    60
Throw: Throwing net      |     3 |       |       ||     3
       Javelin           |       |     1 |       ||     1
       Stone             |       |     1 |       ||     1
 Cast: Animate Dead      |       |     1 |       ||     1
Evoke: Wand              |       |       |     3 ||     3
  Use: Scroll            |     2 |     5 |     2 ||     9
       Potion            |     2 |     3 |     9 ||    14
 Stab: Held in net/web   |     1 |       |       ||     1
       Distracted        |       |     1 |       ||     1
Armor: Leather armour    |    32 |    60 |       ||    92
       Plate armour      |       |    33 |   131 ||   164
       Skin              |       |       |    17 ||    17
Dodge: Dodged            |    76 |   108 |    59 ||   243

Levels and vault maps discovered:
D:1:      dpeg_arrival_erosion, layout_basic, serial_corexii_hall,
          corexii_hall_statues_l, chequers_hall_statues_wall_a,
          hellmonk_ecumenical_altar_watching_god
D:2:      layout_basic, uniq_terence, uniq_robin
D:3:      layout_rooms, serial_glass, glass_columns_b, glass_columns_a,
          minmay_goblin_outpost
D:4:      layout_basic, grunt_temple_overflow_holy_war,
          overflow_temple_1_default, mainiacjoe_overflow_boulevard,
          minmay_temple_entry_wispy
D:5:      layout_gridville, mainiacjoe_overflow_brackets, grunt_ministairs_8,
          hangedman_abyss_or_decor_passed, sigmund_army
D:6:      layout_loops_cross, old_standard_altar, xom_butterflies,
          amcnicky_altar_gilded, fedhas_bush_and_centaur_altar, serial_rivers,
          chequers_serial_rivers_micro_c, chequers_serial_rivers_small_a,
          chequers_serial_rivers_room_a, chequers_serial_rivers_micro_a
D:7:      layout_basic, okawaru_altar_gauntlet_db, nicolae_vehumet_radiance,
          nicolae_ossuary_entry_giza
D:8:      layout_cave_pools, serial_undead, serial_undead_d, serial_undead_a,
          serial_undead_f, serial_undead_c, gammafunk_ghost_stat_death
Temple:   cyrus_temple_forest

Notes
Turn   | Place    | Note
-------+----------+-------------------------------------------
     0 | D:1      | spaghetti the Demonspawn Gladiator began the quest for the
                  | Orb.
     0 | D:1      | Reached XP level 1. HP: 16/16 MP: 1/1
     0 | D:1      | magus.rc [v1.9.6]
    72 | D:1      | Noticed an eye of devastation
    74 | D:1      | Found a faded altar of an unknown god.
    75 | D:1      | Noticed an eye of devastation
    75 | D:1      | Noticed an eye of devastation
    75 | D:1      | Noticed a great orb of eyes
    84 | D:1      | HP: 4/16 [kobold/+0 whip (3)]
    91 | D:1      | Reached skill level 1 in Spellcasting
   315 | D:1      | Prayed at the altar of an unknown god.
   315 | D:1      | Became a worshipper of Kikubaaqudgha
   315 | D:1      | Reached * piety under Kikubaaqudgha
   315 | D:1      | You add the spells Animate Skeleton, Pain, Sublimation of
                  | Blood and Agony to your library.
   315 | D:1      | Received a gift from Kikubaaqudgha
   392 | D:1      | Gained mutation: You sometimes gain a little power by
                  | taking damage. [demonic ancestry]
   392 | D:1      | Reached XP level 2. HP: 21/22 MP: 4/4
   569 | D:1      | Reached skill level 2 in Spellcasting
   867 | D:1      | Learned a level 1 spell: Animate Skeleton
  1145 | D:2      | Noticed Terence
  1158 | D:2      | HP: 1/22 [Terence/+0 trident (7)]
  1163 | D:2      | Killed Terence
  1164 | D:2      | Reached skill level 2 in Necromancy
  1164 | D:2      | Gained mutation: A weak demonic guardian rushes to your
                  | aid. [demonic ancestry]
  1164 | D:2      | Reached XP level 3. HP: 2/27 MP: 6/6
  1436 | D:2      | Noticed Robin
  1477 | D:2      | Reached ** piety under Kikubaaqudgha
  1478 | D:2      | Killed Robin
  1479 | D:2      | Reached XP level 4. HP: 13/33 MP: 7/7
  1479 | D:2      | HP: 7/33 [goblin/sling bullet[Robin] (2)]
  1484 | D:2      | Reached skill level 3 in Necromancy
  2287 | D:3      | HP: 7/33 [orc/+0 mace (3)]
  2288 | D:3      | HP: 1/33 [orc/+0 mace (6)]
  2713 | D:3      | Reached skill level 4 in Necromancy
  2713 | D:3      | Gained mutation: Your touch may inflict minor irresistible
                  | damage on your foes. [demonic ancestry]
  2713 | D:3      | Reached XP level 5. HP: 38/38 MP: 8/8
  2985 | D:3      | Reached *** piety under Kikubaaqudgha
  2985 | D:3      | You add the spells Anguish, Animate Dead, Borgnjor's Vile
                  | Clutch, Excruciating Wounds and Simulacrum to your library.
  2985 | D:3      | Received a gift from Kikubaaqudgha
  3086 | D:3      | Reached skill level 1 in Short Blades
  3091 | D:3      | Learned a level 4 spell: Animate Dead
  3502 | D:4      | HP: 7/38 [something (3)]
  3505 | D:4      | Reached skill level 2 in Short Blades
  3545 | D:4      | HP: 8/38 [poisoned by an adder]
  3550 | D:4      | HP: 4/38 [poisoned by an adder]
  3552 | D:4      | Found a staircase to the Ecumenical Temple.
  3558 | Temple   | Entered the Ecumenical Temple
  3947 | D:4      | Reached XP level 6. HP: 21/44 MP: 9/9
  3960 | D:4      | Reached skill level 3 in Short Blades
  4229 | D:4      | Found a hide-covered altar of Uskayaw.
  4283 | D:4      | Noticed an angel
  4346 | D:4      | Found a sparkling altar of Nemelex Xobeh.
  4397 | D:4      | Found a basalt altar of Yredelemnul.
  4611 | D:5      | Entered Level 5 of the Dungeon
  5048 | D:5      | Reached skill level 4 in Short Blades
  5263 | D:5      | HP: 11/44 [scroll of holy word (9)]
  5604 | D:5      | Reached XP level 7. HP: 29/50 MP: 10/10
  5750 | D:5      | HP: 7/50 [gnoll/+0 spear (8)]
  5755 | D:5      | HP: 7/50 [gnoll/+0 spear (8)]
  5760 | D:5      | Reached skill level 5 in Short Blades
  5782 | D:5      | HP: 7/50 [gnoll sergeant/+0 spear (8)]
  6131 | D:5      | Reached **** piety under Kikubaaqudgha
  6377 | D:5      | Found a shimmering blue altar of Sif Muna.
  6579 | D:6      | Found a hazy altar of Hepliaklqana.
  6584 | D:6      | Noticed a shadow
  6610 | D:6      | HP: 17/75 [shadow (9)]
  6612 | D:6      | Killed a shadow
  6613 | D:6      | Reached skill level 6 in Short Blades
  6933 | D:6      | Found a shimmering altar of Xom.
  7018 | D:6      | Reached skill level 7 in Short Blades
  7018 | D:6      | Reached XP level 8. HP: 56/56 MP: 11/11
  7056 | D:6      | HP: 11/56 [gnoll/+0 club (6)]
  7358 | D:6      | You pick up a book of Misfortune and begin reading...
  7358 | D:6      | You add the spells Confusing Touch, Yara's Violent
                  | Unravelling and Enfeeble to your library.
  7646 | D:6      | Found a blossoming altar of Fedhas.
  7865 | D:6      | Reached skill level 8 in Short Blades
  7960 | D:6      | Found a bloodstained altar of Trog.
  8798 | D:8      | HP: 14/56 [poisoned by a killer bee]
  8800 | D:8      | HP: 1/56 [killer bee (6)]
  8800 | D:8      | Slain by a wyvern zombie

Vanquished Creatures
  A shadow (D:6)
  A sky beast (D:6)
  An ice beast (D:6)
  A black bear (D:6)
  2 ogres (D:5)
  A centaur (D:6)
  A gnoll sergeant (D:5)
  A scorpion (D:4)
  4 wights (D:6)
  A killer bee (D:8)
  4 hounds
  A jelly (D:6)
  An iguana (D:5)
  An orc priest (D:5)
  Terence (D:2)
  2 orc wizards
  Robin (D:2)
  10 gnolls
  5 adders
  A shadow imp (D:5)
  2 white imps (D:5)
  2 ufetubi
  A worm (D:2)
  2 dart slugs
  16 orcs
  7 ball pythons
  5 bats
  3 endoplasms
  3 giant cockroaches
  17 goblins
  8 hobgoblins
  6 jackals
  5 kobolds
  A quokka (D:4)
  3 frilled lizards
  3 rats (D:3)
  A bush (D:6)
126 creatures vanquished.

Vanquished Creatures (collateral kills)
  3 gnolls
  6 orcs
  3 goblins
  A butterfly (D:6)
13 creatures vanquished.

Vanquished Creatures (others)
  An adder (D:4)
1 creature vanquished.

Grand Total: 140 creatures vanquished

Table legend:
 A = Non-vault XP
 B = Vault XP
 C = Vault XP percentage of total XP
 D = Non-vault monster count
 E = Vault monster count
 F = Vault count percentage of total count
                 A         B        C        D         E       F
            +---------+---------+-------+---------+---------+-------
      Total |    2163 |     229 |   9.6 |     109 |      28 |  20.4
            +---------+---------+-------+---------+---------+-------
        D:1 |      31 |       0 |   0.0 |      18 |       0 |   0.0
        D:2 |      39 |      70 |  64.2 |      13 |      13 |  50.0
        D:3 |     142 |      13 |   8.4 |      25 |       7 |  21.9
        D:4 |     220 |       0 |   0.0 |      17 |       0 |   0.0
        D:5 |     542 |      36 |   6.2 |      17 |       7 |  29.2
        D:6 |    1130 |     110 |   8.9 |      18 |       1 |   5.3
        D:8 |      59 |       0 |   0.0 |       1 |       0 |   0.0
            +---------+---------+-------+---------+---------+-------

Illustrated notes

Table legend:
 A = Kills in this place as a percentage of kills in entire the game.
 B = Kills by you in this place as a percentage of kills by you in the entire game.
 C = Kills by friends in this place as a percentage of kills by friends in the entire game.
 D = Other kills in this place as a percentage of other kills in the entire game.
 E = Experience gained in this place as a percentage of experience gained in the entire game.
 F = Experience gained in this place divided by the number of levels of this place that you have seen.
                   A       B       C       D       E      F
               +-------+-------+-------+-------+-------+----------------------
         Total | 100.0 | 100.0 | 100.0 |   N/A | 100.0 | 265.8
       Dungeon | 100.0 | 100.0 | 100.0 |   N/A | 100.0 | 299.0
               +-------+-------+-------+-------+-------+----------------------

Table legend: (Time is in decaauts)
 A = Elapsed time spent in this place.
 B = Non-inter-level travel time spent in this place.
 C = Inter-level travel time spent in this place.
 D = Time resting spent in this place.
 E = Time spent auto-exploring this place.
 F = Levels seen in this place.
 G = Mean time per level.
                   A        B        C        D        E       F      G
               +--------+--------+--------+--------+--------+-----+--------+
         Total |   8746 |   8537 |    209 |   3088 |   4457 |   9 |  971.8 |
       Dungeon |   8471 |   8262 |    209 |   2815 |   4457 |   8 | 1058.9 |
        Temple |    274 |    274 |      0 |    273 |      0 |   1 |  274.0 |
               +--------+--------+--------+--------+--------+-----+--------+

Top non-repeatable levels by time:
     D:6: 2103 daAuts
     D:5: 1947 daAuts
     D:2: 1320 daAuts
     D:3: 1200 daAuts
     D:1: 921 daAuts
     D:4: 911 daAuts
  Temple: 274 daAuts
     D:7: 60 daAuts
     D:8: 5 daAuts
